 Dungeon Crawl Stone Soup version 0.30-a0-897-ga2f19c967e (webtiles) character file.

Game seed: 16967172604010677551

19 CrazyBamboolord the Insei (level 2, -2/21 HPs)
             Began as a Merfolk Transmuter on Mar 18, 2023.
             Slain by Natasha (5 damage)
             ... on level 2 of the Dungeon.
             The game lasted 00:01:59 (626 turns).

CrazyBamboolord the Insei (Merfolk Transmuter)       Turns: 626, Time: 00:02:00

Health: -2/21      AC:  2    Str: 10    XL:     2   Next: 75%
Magic:  5/5        EV: 13    Int: 12    God:
Gold:   53         SH:  0    Dex: 14    Spells: 4/5 levels left

rFire   . . .      SeeInvis .      - Unarmed
rCold   . . .      Faith    .    (no shield)
rNeg    . . .      Spirit   .    a - +0 robe
rPois   .          Reflect  .    (helmet currently unavailable)
rElec   .          Rampage  .    (no cloak)
rCorr   .                        (no gloves)
Will    .....                    (boots currently unavailable)
Stlth   +                        (no amulet)
HPRegen 0.23/turn                (no ring)
MPRegen 0.09/turn                (no ring)

@: appendages (expiring)
A: horns 2, (nimble swimmer 2), mertail
a: End Transformation


You were on level 2 of the Dungeon.
You had temporarily grown beastly horns.
You visited 1 branch of the dungeon, and saw 2 of its levels.

You collected 53 gold pieces.

Inventory:

Armour
 a - a +0 robe (worn)
Scrolls
 c - a scroll of fear {unknown}
 d - a scroll of enchant armour {unknown}
 e - 2 scrolls of identify {unknown}
 f - a scroll of teleportation {unknown}
Potions
 b - a potion of lignification


   Skills:
 * Level 1.3 Fighting
 * Level 3.0 Dodging
 * Level 3.8 Unarmed Combat
 * Level 2.1 Spellcasting
 * Level 2.9 Transmutations


You had 4 spell levels left.
You knew the following spells:

 Your Spells              Type           Power      Damage    Failure   Level
a - Beastly Appendage     Tmut           16%        N/A       9%          1

Your spell library contained the following spells:

 Spells                   Type           Power      Damage    Failure   Level
 Wereblood                Tmut           8%         N/A       12%         2
 Spider Form              Tmut/Pois      4%         N/A       41%         3
 Ice Form                 Ice/Tmut       4%         N/A       82%         4


Dungeon Overview and Level Annotations

Branches:
Dungeon (2/15)

Altars:

Shops:
D:1 =

Annotations:
D:2 Natasha


Innate Abilities, Weirdness & Mutations

You have temporarily grown beastly horns.
((You are very nimble when in or above water. (Stealth+, EV+, Speed+++)))
Your lower body shifts to a powerful aquatic tail in water.


Message History

The frilled lizard hisses angrily.
Your headbutt misses the giant cockroach.
You hear a shout!
The giant cockroach misses you.
Natasha mumbles some strange words.
You hit the giant cockroach.
You kill the giant cockroach!
You closely miss Natasha. Your headbutt misses Natasha. Natasha claws you!
You barely miss Natasha.
Your transformation is almost over.
Natasha closely misses you.
You hit Natasha.
Natasha is lightly wounded.
Natasha casts a spell at you. You resist with significant effort.
You barely miss Natasha.
Natasha is lightly wounded.
Natasha misses you.
You barely miss Natasha.
Natasha is lightly wounded.
Natasha mumbles some strange words.
Natasha shimmers violently.
Natasha closely misses you.
You hit Natasha.
Natasha is severely wounded.
Natasha closely misses you.
You hit Natasha.
Natasha is severely wounded.
The shadow imp picks up a beetle and eats it.
Natasha misses you.
You hit Natasha but do no damage.
Natasha is severely wounded.
Natasha wildly gestures.
Natasha glows brightly for a moment.
Natasha claws you!
* * * LOW HITPOINT WARNING * * *
You barely miss Natasha.
Natasha is severely wounded.
Natasha claws you.
You die...

#..#...#.#............#
##..#.#.#.#.....#.#####.
# ...##
##.....###.#####.>##
##<# . ##...##
##......... ### #.
####.###...###.## #..#
#...#.##.#
##...####.###.#
J###..JS#####.#
g.....g5h@....#
.###...l#######
##...#### #..# #. .


You could see Natasha, a shadow imp (summoned), an endoplasm, a hobgoblin, a
ball python and a frilled lizard.

Vanquished Creatures
  2 dart slugs (D:2)
  An endoplasm (D:1)
  A giant cockroach (D:2)
  4 goblins (D:1)
  2 hobgoblins (D:1)
  A quokka (D:1)
  A ball python (D:1)
  A rat (D:1)
13 creatures vanquished.

Notes
Turn   | Place    | Note
-------+----------+-------------------------------------------
     0 | D:1      | CrazyBamboolord the Merfolk Transmuter began the quest for
                  | the Orb.
     0 | D:1      | Reached XP level 1. HP: 15/15 MP: 3/3
    72 | D:1      | Found Siog's Jewellery Emporium.
   233 | D:1      | Reached XP level 2. HP: 21/21 MP: 3/5
   610 | D:2      | Noticed Natasha
   626 | D:2      | Slain by Natasha

Illustrated notes

Levels and vault maps discovered:
D:1:      lightli_arrival_isolated_outpost, layout_basic, serial_shops, shop,
          hex_large
D:2:      minmay_general_purpose_star, layout_loops_ring, kennysheep_doodads,
          uniq_natasha

Skill      XL: |  1  2 |
---------------+-------+-----
Dodging        | 3 |  3.0
Fighting       | |  1.3
Unarmed Combat | |  3.8
Spellcasting   | |  2.1
Transmutations | |  2.9

Action                     || total
---------------------------++-------
  Melee: Unarmed           ||    43
         Headbutt          ||     6
   Cast: Beastly Appendage ||    10
 Armour: Robe              ||     5
  Dodge: Dodged            ||    21

Table legend: (Time is in decaauts)
 A = Elapsed time spent in this place.
 B = Non-inter-level travel time spent in this place.
 C = Inter-level travel time spent in this place.
 D = Time resting spent in this place.
 E = Time spent auto-exploring this place.
 F = Levels seen in this place.
 G = Mean time per level.
                   A        B        C        D        E       F      G
               +--------+--------+--------+--------+--------+-----+--------+
         Total |    603 |    583 |     20 |     52 |    403 |   2 |  301.5 |
       Dungeon |    603 |    583 |     20 |     52 |    403 |   2 |  301.5 |
               +--------+--------+--------+--------+--------+-----+--------+

Top non-repeatable levels by time:
     D:1: 512 daAuts
     D:2: 91 daAuts
